 Dungeon Sprint DCSS version 0.30-a0-879-ga8ba668304 (webtiles) character file.

Game seed: 12505884526561552400

3722 PLAYERX the Grappler (level 10, 0/73 (78) HPs)
             Began as a Gnoll Monk on Mar 12, 2023.
             Was a High Priest of Hepliaklqana.
             Slain by Aryiliol the pandemonium lord (14 damage)
             ... in the Dungeon (Sprint V: "Ziggurat Sprint") on Mar 13, 2023.
             The game lasted 00:23:09 (639 turns).

PLAYERX the Grappler (Gnoll Monk)                    Turns: 639, Time: 00:23:10

HP:   0/73 (78)     AC: 17    Str: 27    XL:     10   Next: 14%
MP:   0/22          EV:  3    Int: 10    God:    Hepliaklqana [*****.]
Gold: 0             SH: 29    Dex: 14    Spells: 26/26 levels left

rFire   + . .      SeeInvis .    a - +11 Screaming Sword {sonic wave}
rCold   + . .      Faith    .    v - +18 shield of the Gong {Loud rN+ Will+ rCorr EV-5}
rNeg    + . .      Spirit   .    b - +5 gold dragon scales
rPois   +          Reflect  .    (no helmet)
rElec   .          Rampage  .    (no cloak)
rCorr   +          NoTele   +    (no gloves)
Will    +....                    (no boots) Stlth
                                 (no amulet)
HPRegen 0.32/turn                n - +6 ring of strength
MPRegen 0.18/turn                p - +6 ring of strength

@: corroded, slowed, drained, very slow
A: reduced essence, fangs 1, strong nose, distributed training
a: Renounce Religion, Recall Ancestor, Ancestor Identity, Transference, Idealise


You were in the Dungeon.
You worshipped Hepliaklqana.
Hepliaklqana was extremely pleased with you.
You visited 1 branch

Inventory:

Hand Weapons
 a - the +11 Screaming Sword (weapon) {sonic wave}
   (You found it in the Dungeon)
Armour
 b - +5 gold dragon scales (worn)
 v - the +18 shield of the Gong (worn) {Loud rN+ Will+ rCorr EV-5}
   (You found it in the Dungeon)

   Loud:      It is deafeningly noisy when blocking attacks.
   EV:        It affects your evasion (-5).
   rN:        It protects you from negative energy.
   rCorr:     It protects you from acid and corrosion.
   Will:      It increases your willpower.
Jewellery
 n - a +6 ring of strength (left hand)
 p - a +6 ring of strength (right hand)
Wands
 s - a wand of mindburst (5)
 t - a wand of light (7)
Scrolls
 h - 4 scrolls of blinking
 o - 4 scrolls of amnesia
 q - 5 scrolls of identify
 r - a scroll of fear
 A - 7 scrolls of fog
Potions
 c - 10 potions of curing
 d - 5 potions of heal wounds
 e - 6 potions of haste
 f - 7 potions of magic
 g - 3 potions of berserk rage
 i - a potion of ambrosia
 j - 2 potions of brilliance
 k - 2 potions of invisibility
 l - 4 potions of resistance
 z - 5 potions of might
Miscellaneous
 m - a box of beasts
 u - a lightning rod (4/4)
 w - a phial of floods
 x - a tin of tremorstones (inert)


   Skills:
 + Level 11.0 Fighting
 + Level 8.9 Short Blades
 + Level 8.9 Long Blades
 + Level 8.9 Axes
 + Level 8.9 Maces & Flails
 + Level 8.9 Polearms
 + Level 8.9 Staves
 + Level 8.9 Ranged Weapons
 + Level 8.9 Throwing
 + Level 8.9 Armour
 + Level 11.0 Dodging
 + Level 9.9 Stealth
 + Level 8.9 Shields
 + Level 11.0 Unarmed Combat
 + Level 8.9 Spellcasting
 + Level 7.4 Conjurations
 + Level 7.4 Hexes
 + Level 7.4 Summonings
 + Level 7.4 Necromancy
 + Level 7.4 Translocations
 + Level 7.4 Transmutations
 + Level 7.4 Fire Magic
 + Level 7.4 Ice Magic
 + Level 7.4 Air Magic
 + Level 7.4 Earth Magic
 + Level 7.4 Poison Magic
 + Level 9.7 Invocations
 + Level 8.9 Evocations


You had 26 spell levels left.
You didn't know any spells.
Your spell library contained the following spells:

 Spells                   Type           Power      Damage    Failure   Level
 Necrotise                Necr           76%        1d7       56%         1
 Blink                    Tloc           38%        N/A       71%         2
 Cigotuvi's Dreadful Rot  Necr/Pois/Air  38%        N/A       71%         2
 Ensorcelled Hibernation  Hex/Ice        38%        N/A       71%         2
 Lesser Beckoning         Tloc           38%        N/A       71%         2
 Momentum Strike          Conj/Tloc      38%        3d9       71%         2
 Passwall                 Tmut/Erth      15%        N/A       71%         2
 Swiftness                Air            19%        N/A       90%         3
 Dispel Undead            Necr           19%        3d11      100%        4
 Iskenderun's Mystic Bla  Conj/Tloc      19%        2d6       100%        4
 Manifold Assault         Tloc           19%        N/A       100%        4
 Summon Ice Beast         Ice/Summ       19%        N/A       100%        4
 Summon Mana Viper        Hex/Summ       19%        N/A       100%        5
 Death Channel            Necr           9%         N/A       100%        6
 Dispersal                Tloc           9%         N/A       100%        6
 Iron Shot                Conj/Erth      9%         9d3       100%        6
 Monstrous Menagerie      Summ           9%         N/A       100%        7
 Disjunction              Tloc           9%         N/A       100%        8


Dungeon Overview and Level Annotations

Branches:
Dungeon (1/1)

Altars:
Ashenzari
Cheibriados
Dithmenos
Elyvilon
Fedhas
Gozag
Hepliaklqana
Kikubaaqudgha
Makhleb
Nemelex Xobeh
Okawaru
Qazlal
Ru
Sif Muna
Trog
Uskayaw
Vehumet
Wu Jian
Xom
Yredelemnul
Zin
The Shining One
Jiyva
Lugonu

Annotations:
D 1 transporter


Innate Abilities, Weirdness & Mutations

Your life essence is reduced to manifest your ancestor. (-10% HP)
You have very sharp teeth.
Your uncanny sense of smell can sniff out nearby items.
Your experience applies equally to all skills.


Message History

The puff of frost misses Aryiliol.
You block Musixump's attack.
GONNNNG!
The phantasmal warrior gestures at you.
The phantasmal warrior blinks!
The wraith hits PLAYER Z but does no damage.
The phantasmal warrior gestures at you.
The phantasmal warrior blinks!
Aryiliol gestures at you.
You feel your power leaking away.
PLAYER Z hits the wraith but does no damage.
You feel much better. You block Musixump's attack.
PTOANNNG!
You block Aryiliol's attack.
BOUMMMMG!
Musixump barely misses you.
The wraith barely misses PLAYER Z.
The wraith hits you! The wraith barely misses you.
PLAYER Z gestures at the wraith while chanting.
The stone arrow hits the wraith!
You block Aryiliol's attack.
PANG!
Musixump hits you!!
* * * LOW HITPOINT WARNING * * *
You partially resist.
You feel drained.
* * * LOW HITPOINT WARNING * * *
The wraith barely misses PLAYER Z.
The phantasmal warrior gestures at you.
The phantasmal warrior blinks!
You feel much better. Aryiliol hits you but does no damage. Musixump hits you!
* * * LOW HITPOINT WARNING * * *
You partially resist.
You feel drained. You block the freezing wraith's attack.
GONNNNG!
The freezing wraith hits you but does no damage.
You block the wraith's attack.
GONNNNG!
The wraith hits you.
* * * LOW HITPOINT WARNING * * *
The wraith drains your vigour!
You feel as though you will be slow longer.
PLAYER Z hits the wraith with a +0 quarterstaff.
Aryiliol hits you!
You die...

∆∆
▓...©....▓...©....▓
▓▓▓▓▓▓▓▓▓▓▓▓▓▓▓▓▓▓▓
▓...8©8...▓..8©8..▓
▓..)})}...▓...))..▓
▓...[)}...▓..=)=..▓
▓...W...§.▓.......▓
▓....W....▓.......▓
▓...W&&...▓..†.†..▓
▓..W.@R...▓.......▓
▓.▓.WW.W▓.▓.▓...▓.▓
▓....©....▓...©...▓
▓▓▓▓▓▓▓▓▓▓▓▓▓▓▓▓▓▓▓
▓..8©8..▓ ∆∆∆∆∆
▓..[)|..▓ ∆∆∆
▓...)...▓ ▓.......▓
▓..)....▓


You could see the friendly PLAYER Z the battlemage, Aryiliol, Musixump, 2
phantasmal warriors, 2 freezing wraiths and 3 wraiths.

Vanquished Creatures
  2 toenail golems (D)
  A gargoyle (D)
  2 trolls (D)
  Sigmund (D)
  A chaos spawn (D)
  2 hell hounds (D)
  3 earth elementals (D)
  6 scorpions (D)
  3 crimson imps (D)
  An iron imp (D)
  Jessica (D)
  A shadow imp (D)
  2 white imps (D)
  An ufetubus (D)
27 creatures vanquished.

Vanquished Creatures (collateral kills)
  A two-headed ogre (D)
  A cyclops (D)
  A hell hound (D)
  Blork the orc (D)
  A crimson imp (D)
  An adder zombie (D)
  An adder skeleton (D)
  A bat skeleton (D)
8 creatures vanquished.

Vanquished Creatures (others)
  2 battlemagi (D)
2 creatures vanquished.

Grand Total: 37 creatures vanquished

Notes
Turn   | Place    | Note
-------+----------+-------------------------------------------
     0 | D        | PLAYERX the Gnoll Monk began the quest for the Orb.
     0 | D        | Reached XP level 1. HP: 23/23 MP: 1/1
     0 | D        | Found a blossoming altar of Fedhas.
     0 | D        | Found the +6 Majin-Bo {spellvamp, MP+6 Int+6}
     0 | D        | Found the +27 heavy crossbow "Sniper" {heavy, Acc+∞ SInv}
     0 | D        | Found the +10 dark maul {heavy}
     0 | D        | Found the +15 Maxwell's patent armour {-Cast -Tele rElec
                  | Will+ rCorr}
     0 | D        | Found the +18 shield of the Gong {Loud rN+ Will+ rCorr
                  | EV-5}
     0 | D        | Found the +16 obsidian axe {drain, demonic, Mesm Drain Fly
                  | SInv}
     0 | D        | Found the +7 great mace "Firestarter" {flame, inner flame,
                  | rFlCloud rF++}
     0 | D        | Found the +6 shillelagh "Devastator" {shatter}
     0 | D        | Found the +11 plutonium sword {Contam Stlth-}
     0 | D        | Found the +8 lance "Wyrmbane" {slay drac, rPois rF+ rC+
                  | AC+3}
     0 | D        | Found the +9 sword of Zonguldrok {reap}
     0 | D        | Found the +13 scythe of Curses {drain, curses, Drain}
     0 | D        | Found the +9 sword of Power {lifebolt}
     0 | D        | Found the +7 mace of Variability {chaos, chain chaos}
     0 | D        | Found the +11 Singing Sword {sonic wave}
     0 | D        | Found the +8 storm bow {elec, penet}
     1 | D        | Found a transporter.
     1 | D        | Found a viscous altar of Jiyva.
     1 | D        | Found an ancient bone altar of Kikubaaqudgha.
     1 | D        | Found a hazy altar of Hepliaklqana.
     1 | D        | Found a corrupted altar of Lugonu.
     1 | D        | Found an opulent altar of Gozag.
     1 | D        | Found a burning altar of Makhleb.
     7 | D        | Found an iron altar of Okawaru.
     7 | D        | Found a sparkling altar of Nemelex Xobeh.
     7 | D        | Found a stormy altar of Qazlal.
     7 | D        | Found a sacrificial altar of Ru.
     7 | D        | Found a shimmering blue altar of Sif Muna.
    11 | D        | Found a bloodstained altar of Trog.
   148 | D        | Reached XP level 2. HP: 31/31 MP: 1/5
   235 | D        | Became a worshipper of Hepliaklqana the Forgotten
   235 | D        | Reached * piety under Hepliaklqana
   235 | D        | Reached ** piety under Hepliaklqana
   245 | D        | Remembered your ancestor PLAYER Z as a battlemage
   255 | D        | Entered arena 2.
   255 | D        | Noticed a scorpion
   255 | D        | Noticed a scorpion
   255 | D        | Found a transporter.
   257 | D        | Killed a scorpion
   258 | D        | Reached skill level 5 in Stealth
   258 | D        | Reached XP level 3. HP: 32/32 MP: 5/7
   258 | D        | Reached XP level 4. HP: 38/38 MP: 5/8
   258 | D        | Killed a scorpion
   270 | D        | Entered arena 3.
   270 | D        | Noticed Sigmund
   270 | D        | Noticed Jessica
   270 | D        | Noticed Blork the orc
   270 | D        | Found a transporter.
   274 | D        | Killed Jessica
   274 | D        | Killed Sigmund
   274 | D        | Killed Blork the orc
   275 | D        | Reached skill level 5 in Short Blades
   275 | D        | Reached skill level 5 in Long Blades
   275 | D        | Reached skill level 5 in Axes
   275 | D        | Reached skill level 5 in Maces & Flails
   275 | D        | Reached skill level 5 in Polearms
   275 | D        | Reached skill level 5 in Staves
   275 | D        | Reached skill level 5 in Ranged Weapons
   275 | D        | Reached skill level 5 in Throwing
   275 | D        | Reached skill level 5 in Armour
   275 | D        | Reached skill level 5 in Shields
   275 | D        | Reached skill level 5 in Spellcasting
   275 | D        | Reached skill level 5 in Invocations
   275 | D        | Reached skill level 5 in Evocations
   275 | D        | Reached XP level 5. HP: 43/45 MP: 7/12
   275 | D        | Reached XP level 6. HP: 49/51 MP: 7/13
   289 | D        | Entered arena 4.
   289 | D        | Noticed a two-headed ogre
   289 | D        | Noticed a troll
   289 | D        | Noticed a troll
   289 | D        | Noticed a cyclops
   289 | D        | Reached *** piety under Hepliaklqana
   289 | D        | Found a transporter.
   298 | D        | Killed a cyclops
   299 | D        | Reached skill level 5 in Conjurations
   299 | D        | Reached skill level 5 in Hexes
   299 | D        | Reached skill level 5 in Summonings
   299 | D        | Reached skill level 5 in Necromancy
   299 | D        | Reached skill level 5 in Translocations
   299 | D        | Reached skill level 5 in Transmutations
   299 | D        | Reached skill level 5 in Fire Magic
   299 | D        | Reached skill level 5 in Ice Magic
   299 | D        | Reached skill level 5 in Air Magic
   299 | D        | Reached skill level 5 in Earth Magic
   299 | D        | Reached skill level 5 in Poison Magic
   299 | D        | Reached XP level 7. HP: 37/57 MP: 10/16
   302 | D        | Killed a two-headed ogre
   303 | D        | Reached XP level 8. HP: 43/64 MP: 11/18
   310 | D        | Killed a troll
   314 | D        | Killed a troll
   315 | D        | Reached skill level 10 in Fighting
   315 | D        | Reached skill level 10 in Dodging
   315 | D        | Reached skill level 10 in Unarmed Combat
   315 | D        | Reached XP level 9. HP: 28/70 MP: 13/20
   323 | D        | Got the ring of Bihot {MP+9 Int+5}
   327 | D        | Got the Discourse on Damage and Evil Words
   330 | D        | Entered arena 5.
   330 | D        | Found a transporter.
   456 | D        | Entered arena 6.
   456 | D        | Found the +4 Cigotuvi's embrace {Corpsefed rMiasma Drain
                  | rN+}
   456 | D        | Found a transporter.
   456 | D        | Reached **** piety under Hepliaklqana
   485 | D        | Entered arena 7.
   486 | D        | Found a transporter.
   505 | D        | Got the ring "Waxteude" {MP+9 Dex+3}
   529 | D        | Entered arena 8.
   529 | D        | Noticed a toenail golem
   529 | D        | Noticed a gargoyle
   529 | D        | Noticed a toenail golem
   530 | D        | Found a transporter.
   536 | D        | Killed a toenail golem
   538 | D        | Killed a gargoyle
   540 | D        | Killed a toenail golem
   541 | D        | Reached XP level 10. HP: 52/77 MP: 22/22
   631 | D        | Entered arena 9.
   631 | D        | Noticed Musixump the pandemonium lord
   631 | D        | Noticed Aryiliol the pandemonium lord
   631 | D        | Reached ***** piety under Hepliaklqana
   632 | D        | Found a transporter.
   637 | D        | Noticed a phantasmal warrior
   637 | D        | Noticed a phantasmal warrior
   639 | D        | Slain by Aryiliol the pandemonium lord

Illustrated notes

Levels and vault maps discovered:
D:        sprint_v [room_start, room_1, room_2, room_3, room_4, room_5, room_6,
          room_7, room_8, room_9, room_10, room_11, room_12, room_13, room_14,
          room_15, room_16, room_17, room_18, room_19, room_20, room_21,
          room_22, room_23, room_24, room_25, room_26, room_27]

Skill      XL: |  1  2  3  4  5  6  7  8  9 10 |
---------------+-------------------------------+-----
Fighting       | 7 8 9 10 11 | 11.0
Short Blades   | 2 3 5 6 7 8 |  8.9
Long Blades    | 2 3 5 6 7 8 |  8.9
Axes           | 2 3 5 6 7 8 |  8.9
Maces & Flails | 2 3 5 6 7 8 |  8.9
Polearms       | 2 3 5 6 7 8 |  8.9
Staves         | 2 3 5 6 7 8 |  8.9
Ranged Weapons | 2 3 5 6 7 8 |  8.9
Throwing       | 2 3 5 6 7 8 |  8.9
Armour         | 2 3 5 6 7 8 |  8.9
Dodging        | 7 8 9 10 11 | 11.0
Shields        | 2 3 5 6 7 8 |  8.9
Unarmed Combat | 7 8 9 10 11 | 11.0
Spellcasting   | 2 3 5 6 7 8 |  8.9
Conjurations   | 2 4 5 6 7 |  7.4
Hexes          | 2 4 5 6 7 |  7.4
Summonings     | 2 4 5 6 7 |  7.4
Necromancy     | 2 4 5 6 7 |  7.4
Translocations | 2 4 5 6 7 |  7.4
Transmutations | 2 4 5 6 7 |  7.4
Fire Magic     | 2 4 5 6 7 |  7.4
Ice Magic      | 2 4 5 6 7 |  7.4
Air Magic      | 2 4 5 6 7 |  7.4
Earth Magic    | 2 4 5 6 7 |  7.4
Poison Magic   | 2 4 5 6 7 |  7.4
Invocations    | 2 3 5 6 7 8 9 |  9.7
Evocations     | 2 3 5 6 7 8 |  8.9
Stealth        | 5 6 7 8 9 |  9.9

Action                     |  1- 3 |  4- 6 |  7- 9 | 10-12 || total
---------------------------+-------+-------+-------+-------++-------
  Melee: Double sword      |     1 |     3 |    31 |     8 ||    43
         Bite              |       |       |     1 |     4 ||     5
 Invoke: Ancestor Life: Ba |     1 |       |       |       ||     1
         Ancestor Identity |     1 |       |       |       ||     1
  Evoke: Wand              |       |     2 |       |       ||     2
         Box of beasts     |       |     1 |       |       ||     1
         Tin of tremorston |       |       |       |     2 ||     2
    Use: Potion            |     1 |     3 |       |     3 ||     7
         Scroll            |       |     1 |       |       ||     1
 Armour: Gold dragon scale |       |    13 |    30 |     7 ||    50
  Dodge: Dodged            |       |     2 |     3 |     3 ||     8
  Block: Kite shield       |     4 |    19 |    76 |    24 ||   123

Table legend: (Time is in decaauts)
 A = Elapsed time spent in this place.
 B = Non-inter-level travel time spent in this place.
 C = Inter-level travel time spent in this place.
 D = Time resting spent in this place.
 E = Time spent auto-exploring this place.
 F = Levels seen in this place.
 G = Mean time per level.
                   A        B        C        D        E       F      G
               +--------+--------+--------+--------+--------+-----+--------+
         Total |    650 |    650 |      0 |    233 |      0 |   1 |  650.0 |
       Dungeon |    650 |    650 |      0 |    233 |      0 |   1 |  650.0 |
               +--------+--------+--------+--------+--------+-----+--------+

Top non-repeatable levels by time:
       D: 650 daAuts
